 Dungeon Crawl Stone Soup version 0.27.1-1-g398f81649c (webtiles) character file.

Game seed: 5357786870961181611

998 Icepheonix32 the Sneak (level 8, -2/44 HPs)
             Began as a Kobold Warper on Sept 12, 2021.
             Slain by a black bear (4 damage)
             ... on level 6 of the Dungeon.
             The game lasted 00:11:42 (6319 turns).

Icepheonix32 the Sneak (Kobold Warper)              Turns: 6319, Time: 00:11:43

Health: -2/44      AC:  7    Str:  9      XL:     8   Next: 42%
Magic:  20/20      EV: 17    Int: 14      God:
Gold:   207        SH:  0    Dex: 15 (16) Spells: 6/11 levels left

rFire    . . .     SeeInvis .   i - +0 rapier
rCold    . . .     Faith    .   (shield restricted)
rNeg     . . .     Spirit   .   b - +0 leather armour
rPois    .         Reflect  .   k - +0 helmet
rElec    .         Harm     .   (no cloak)
rCorr    .         Rampage  .   m - +2 pair of gloves
Will     +....                  (no boots)
Stlth    ++++......             (no amulet)
HPRegen  0.14/turn              s - ring of magical power
MPRegen  0.17/turn              B - ring of willpower

@: no status effects
A: small, no large weapons, nightstalker 3
a: no special abilities


You were on level 6 of the Dungeon.
You visited 1 branch of the dungeon, and saw 6 of its levels.

You collected 235 gold pieces.
You spent 28 gold pieces at shops.

Inventory:

Hand Weapons
 i - a +0 rapier (weapon)
 r - a +0 dagger of venom
Missiles
 d - 5 boomerangs of dispersal (quivered)
 w - 8 boomerangs
Armour
 b - a +0 leather armour (worn)
 k - a +0 helmet (worn)
 m - a +2 pair of gloves (worn)
Jewellery
 h - a ring of fire
 s - a ring of magical power (left hand)
 B - a ring of willpower (right hand)
 D - a ring of magical power
Wands
 a - a wand of paralysis (8)
 q - a wand of iceblast (9)
Scrolls
 c - a scroll of blinking
 f - 2 scrolls of enchant armour
 g - 2 scrolls of teleportation
 l - a scroll of silence {unknown}
 u - a scroll of amnesia
 y - a scroll of fear
 z - a scroll of summoning {unknown}
 A - 2 scrolls of magic mapping {unknown}
Potions
 e - a potion of cancellation
 j - 2 potions of lignification {unknown}
 n - 2 potions of haste {unknown}
 o - 3 potions of curing {unknown}
 p - 2 potions of heal wounds
 t - a potion of berserk rage {unknown}
 v - 2 potions of attraction {unknown}
 x - a potion of brilliance {unknown}
 C - a potion of degeneration {unknown}


   Skills:
 - Level 2.1 Fighting
 + Level 6.6 Short Blades
 - Level 1.1 Throwing
 + Level 2.4 Armour
 * Level 6.5 Dodging
 + Level 7.3 Stealth
 - Level 2.1 Spellcasting
 - Level 3.0 Translocations


You had 6 spell levels left.
You knew the following spells:

 Your Spells              Type           Power      Damage    Failure   Level
a - Blink                 Tloc           N/A        N/A       14%         2
b - Teleport Other        Tloc           9%         N/A       28%         3

Your spell library contained the following spells:

 Spells                   Type           Power      Damage    Failure   Level
 Gell's Gravitas          Tloc           4%         N/A       28%         3
 Lesser Beckoning         Tloc           4%         N/A       28%         3
 Manifold Assault         Tloc           9%         N/A       95%         5


Dungeon Overview and Level Annotations

Branches:
Dungeon (6/15)
 Temple: D:4-7

Altars:
Ashenzari
The Shining One

Shops:
D:2 ?


Innate Abilities, Weirdness & Mutations

You are small and have problems with some larger weapons.
You are completely attuned to the shadows.


Message History

The black bear is severely wounded.
The black bear goes berserk!
You barely miss the black bear.
The black bear is severely wounded.
The black bear completely misses you.
The black bear claws you but does no damage.
The black bear closely misses you.
You completely miss the black bear.
The black bear is severely wounded.
The black bear bites you! The black bear closely misses you.
The black bear claws you but does no damage.
You are too injured to fight recklessly!
You are too injured to fight recklessly!
You are too injured to fight recklessly!
You are too injured to fight recklessly!
You are too injured to fight recklessly!
You are too injured to fight recklessly!
You are too injured to fight recklessly!
You are too injured to fight recklessly!
You are too injured to fight recklessly!
You are too injured to fight recklessly!
You are too injured to fight recklessly!
You are too injured to fight recklessly!
You are too injured to fight recklessly!
You closely miss the black bear.
The black bear is severely wounded.
The black bear bites you but does no damage.
The black bear claws you. x2
* * * LOW HITPOINT WARNING * * *
The black bear completely misses you. The black bear barely misses you.
The black bear misses you.
You hit the black bear.
The black bear is severely wounded.
The black bear bites you.
* * * LOW HITPOINT WARNING * * *
The black bear misses you. The black bear claws you.
* * * LOW HITPOINT WARNING * * *
Unknown command.
The black bear bites you.
You die...

≈≈# ##≈≈+
#.≈≈##
##.≈≈≈≈
###
...≈≈≈≈
..#
#.#≈≈#+
#.#
#.#≈≈#
#.###
#.#≈≈###
≈###
#h..#
....≈≈≈≈
≈≈≈≈
#@#.#
#.#.#≈≈
≈≈≈≈###.#
# #.#.#
........#
#.#.#
.###.####
#.#.#
#.####
#.#.#
#....# #
#.#.###.#
####.#.#
........#
####.#.#
#>.####.#
.......#


You could see a black bear (berserk).

Vanquished Creatures
  A black bear (D:6)
  An ice beast (D:6)
  2 scorpions
  3 jellies
  A quasit (D:6)
  4 hounds
  2 bullfrog skeletons
  5 iguanas
  A killer bee zombie (D:4)
  2 hound skeletons
  3 gnolls
  8 adders
  A white imp (D:5)
  4 worms
  2 dart slugs
  5 orcs (D:3)
  7 ball pythons
  8 endoplasms
  3 giant cockroaches
  12 goblins
  8 hobgoblins
  6 jackals
  5 quokkas
  3 bats
  2 frilled lizards (D:2)
  2 goblin skeletons (D:6)
  A goblin zombie (D:6)
  2 hobgoblin zombies (D:6)
  4 kobolds
  A kobold skeleton (D:6)
  2 orc zombies (D:6)
  6 rats
117 creatures vanquished.

Notes
Turn   | Place    | Note
-------+----------+-------------------------------------------
     0 | D:1      | Icepheonix32 the Kobold Warper began the quest for the Orb.
     0 | D:1      | Reached XP level 1. HP: 12/12 MP: 3/3
   106 | D:1      | Reached XP level 2. HP: 14/17 MP: 5/5
   162 | D:1      | You fall into a shaft and drop 1 floor!
   415 | D:1      | Reached XP level 3. HP: 21/21 MP: 6/6
   495 | D:1      | Found a faded altar of an unknown god.
   498 | D:1      | Reached skill level 1 in Stealth
  1354 | D:2      | Reached XP level 4. HP: 26/26 MP: 7/7
  1687 | D:2      | Reached skill level 2 in Stealth
  2703 | D:2      | Found Aluuhoej's Magic Scroll Shoppe.
  2708 | D:2      | Bought a scroll of identify for 28 gold pieces
  2976 | D:3      | Reached XP level 5. HP: 30/30 MP: 8/8
  3080 | D:3      | Found a broken altar of Ashenzari.
  3107 | D:3      | Reached skill level 1 in Armour
  3128 | D:3      | Reached skill level 3 in Stealth
  3368 | D:3      | Learned a level 2 spell: Blink
  3372 | D:3      | Learned a level 3 spell: Teleport Other
  3846 | D:4      | Reached skill level 4 in Stealth
  3853 | D:4      | Reached XP level 6. HP: 35/35 MP: 9/9
  3918 | D:4      | Reached skill level 5 in Stealth
  4143 | D:5      | Entered Level 5 of the Dungeon
  4292 | D:4      | Reached skill level 5 in Dodging
  4292 | D:4      | Reached XP level 7. HP: 31/40 MP: 10/10
  4430 | D:4      | Reached skill level 6 in Stealth
  5028 | D:5      | HP: 1/40 [iguana (8)]
  5037 | D:5      | HP: 2/40 [iguana (3)]
  5359 | D:5      | Reached skill level 5 in Short Blades
  5739 | D:5      | Reached skill level 7 in Stealth
  5942 | D:6      | Reached XP level 8. HP: 44/44 MP: 11/11
  6045 | D:6      | Found a glowing golden altar of the Shining One.
  6318 | D:6      | HP: 2/44 [black bear (5)]
  6319 | D:6      | Slain by a black bear

Illustrated notes

Levels and vault maps discovered:
D:1:      ncdulo_smallfort, layout_loops_cross,
          ebering_ecumenical_altar_abandoned, minmay_pentomino_o2
D:2:      minmay_spotlight, layout_basic, serial_shops, shop
D:3:      layout_basic, mainiacjoe_overflow_tiny_flanked
D:4:      layout_basic, item_on_display_b
D:5:      layout_rooms, grunt_ministairs_2, ldierk_geyser,
          kennysheep_generic_room_3
D:6:      layout_loops_ring, lemuel_tele_altar, nicolae_tso_besieged_by_evil,
          water_boxes_lemuel

Skill      XL: |  1  2  3  4  5  6  7  8 |
---------------+-------------------------+-----
Short Blades   | 3 4 5 6 |  6.6
Dodging        | 3 4 5 6 |  6.5
Stealth        | 1 2 4 5 7 |  7.3
Armour         | 1 2 |  2.4
Fighting       | |  2.1
Throwing       | |  1.1
Spellcasting   | |  2.1
Translocations | |  3.0

Action                   |  1- 3 |  4- 6 |  7- 9 || total
-------------------------+-------+-------+-------++-------
Melee: Short sword       |    72 |       |       ||    72
       Rapier            |    20 |   196 |   195 ||   411
       Dagger            |    13 |       |       ||    13
Evoke: Wand              |       |       |     3 ||     3
  Use: Scroll            |       |     3 |     4 ||     7
       Potion            |       |       |     2 ||     2
 Stab: Sleeping          |    12 |    22 |    12 ||    46
       Paralysed         |       |       |     2 ||     2
Armor: Leather armour    |    10 |    43 |    71 ||   124
Dodge: Dodged            |    71 |   138 |   201 ||   410
